 Dungeon Crawl Stone Soup version 0.25.0-15-gac7dcb8919 (webtiles) character file.

Game seed: 9972490943603857425

54 Descartes the Insei (level 3, -3/23 HPs)
             Began as an Octopode Transmuter on June 28, 2020.
             Slain by Sigmund
             ... wielding a +0 scythe
              (14 damage)
             ... on level 2 of the Dungeon.
             The game lasted 00:04:48 (1552 turns).

Descartes the Insei (Octopode Transmuter)           Turns: 1552, Time: 00:04:49

Health: -3/23      AC:  1    Str: 10    XL:     3   Next: 91%
Magic:  6/6        EV: 13    Int: 15    God:
Gold:   154        SH:  0    Dex:  8    Spells: 5/6 levels left

rFire    . . .     SeeInvis .     - Unarmed
rCold    . . .     Gourm    .   (no shield)
rNeg     . . .     Faith    .   (helmet restricted)
rPois    .         Spirit   .   (no amulet)
rElec    .         Reflect  .   k - -4 ring of dexterity (curse)
rCorr    .         Harm     .   (no ring)
MR       .....                  (no ring)
Stlth    +++.......             (no ring)
HPRegen  0.07/turn              (no ring)
MPRegen  0.10/turn              (no ring)
                                (no ring)
                                (no ring)

@: no status effects
A: almost no armour, stealthy swim, amphibious, 8 rings, constrict 8, camouflage
1, gelatinous body 1
a: no special abilities


You were on level 2 of the Dungeon.
You were not hungry.

You visited 1 branch of the dungeon, and saw 2 of its levels.

You collected 154 gold pieces.

Inventory:

Hand Weapons
 a - a cursed -3 hunting sling
Missiles
 b - 25 poisoned darts (quivered)
 d - 81 stones
 n - 12 arrows
 o - 24 sling bullets
Jewellery
 k - a cursed -4 ring of dexterity (left tentacle)
Scrolls
 f - 2 scrolls of immolation {unknown}
 h - a scroll of remove curse {unknown}
 j - a scroll of fear {unknown}
 l - 2 scrolls of identify {unknown}
 m - 2 scrolls of magic mapping {unknown}
 p - a scroll of teleportation
Potions
 e - a potion of haste {unknown}
 i - 4 potions of curing {unknown}
 q - 2 potions of heal wounds {unknown}
Comestibles
 c - 4 rations
 g - a chunk of flesh


   Skills:
 - Level 1.0 Fighting
 + Level 2.4 Dodging
 * Level 2.6 Stealth
 * Level 3.6 Unarmed Combat
 - Level 2.0 Spellcasting
 + Level 2.3 Transmutations


You had 5 spell levels left.
You knew the following spells:

 Your Spells              Type           Power        Failure   Level  Hunger
a - Beastly Appendage     Tmut           #.....       9%          1    #......

Your spell library contained the following spells:

 Spells                   Type           Power        Failure   Level  Hunger
 Sticks to Snakes         Tmut           #.......     13%         2    ###....
 Spider Form              Tmut/Pois      #.........   38%         3    ###....
 Ice Form                 Ice/Tmut       #.......     80%         4    #####..
 Blade Hands              Tmut           #.........   93%         5    ######.


Dungeon Overview and Level Annotations

Branches:
Dungeon (2/15)

Altars:
Ashenzari
Zin

Annotations:
D:2 Sigmund


Innate Abilities, Weirdness & Mutations

You cannot wear most types of armour.
You are very stealthy in the water. (Stealth+)
You are amphibious.
You can wear up to eight rings at the same time.
You can use your tentacles to constrict eight enemies at once.
Your skin changes colour to match your surroundings (Stealth+).
Your rubbery body absorbs attacks. (AC +1, EV +1)


Message History

Found an escape hatch in the ceiling.
There is an escape hatch in the ceiling here.
There is an escape hatch in the ceiling here.
Some of the chunks of flesh in your inventory have rotted away.
An adder and Sigmund come into view.
The adder hisses angrily.
Sigmund shouts!
You bludgeon the adder! Your grab misses the adder.
The adder is severely wounded.
The adder barely misses you.
You barely miss the adder. Your grab misses the adder.
The adder is severely wounded.
The adder bites you. Sigmund misses you. The adder bites you.
You miss the adder. You grab the adder.
The adder is severely wounded.
You constrict the adder. The adder bites you.
You tentacle-slap the adder.
You kill the adder!
Sigmund hits you from afar with a +0 scythe!
Ouch! That really hurt!
You die...

#..######. #..######.
#......... ###
#.#....... #..
#...#####. #.# #.### #.
#@# #.# #. #†# #.### #.
#@# #...# #. #.#
###.#####. #.# ##)##....
#.########...#.#..
#.................
#######..####..#....##..
#.....#..# ##.#.#....##
#.....#..# #.._...#.#
#........# ###.##.#.##


You could see Sigmund.

Vanquished Creatures
  An adder (D:2)
  An ooze (D:1)
  2 dart slugs (D:1)
  A leopard gecko (D:1)
  3 bats
  2 giant cockroaches
  5 hobgoblins (D:1)
  4 jackals
  A quokka (D:2)
  2 ball pythons
  2 frilled lizards (D:2)
  3 goblins
  3 kobolds
  3 rats
33 creatures vanquished.

Notes
Turn   | Place    | Note
-------+----------+-------------------------------------------
     0 | D:1      | Descartes the Octopode Transmuter began the quest for the
                  | Orb.
     0 | D:1      | Reached XP level 1. HP: 13/13 MP: 3/3
    66 | D:1      | Reached skill level 1 in Stealth
    66 | D:1      | Reached XP level 2. HP: 11/18 MP: 5/5
   533 | D:1      | Reached XP level 3. HP: 15/23 MP: 6/6
  1309 | D:2      | Found a shattered altar of Ashenzari.
  1499 | D:2      | Found a glowing silver altar of Zin.
  1545 | D:2      | Noticed Sigmund
  1552 | D:2      | Slain by Sigmund

Illustrated notes

Levels and vault maps discovered:
D:1:      dpeg_arrival_pond, layout_basic, minmay_pentomino_s4
D:2:      layout_loops_ring, nicolae_overflow_hidden_temple, ashenzari_altar_1,
          uniq_sigmund

Skill      XL: |  1  2 |
---------------+-------+-----
Stealth        | 1 2 |  2.6
Fighting       | |  1.0
Dodging        | |  2.4
Unarmed Combat | |  3.6
Spellcasting   | |  2.0
Transmutations | |  2.3

Action                   || total
-------------------------++-------
Melee: Unarmed           ||    76
       Constrict         ||    18
       Tentacles         ||     8
       Punch             ||     2
 Cast: Beastly Appendage ||     1
  Use: Scroll            ||     2
 Stab: Sleeping          ||     3
  Eat: Chunk             ||     2
Armor: Skin              ||    10
Dodge: Dodged            ||    38
